AoeStats
← Hotzenplotz1942

Lombardia

508937131Analyzed
2v2 RM · 8d ago on Sep 24, 2026· 53m 4s· 4 players
Game mode
Random Map
Map size
Medium (4 player)
Population
200
Speed
Normal
Resources
Standard
Victory
Conquest
Starting age
Dark Age
Ending age
Imperial Age
RankedLock teamsTeams togetherTeam positionsShared explorationLock speedFull tech treeHidden civsTurbo modeCheats
Victory
Defeat
🇩🇪 Cumans · Germany
882
+13
🇨🇭 Franks · Switzerland
819
+17
🇩🇪 Spanish · Germany
824
-15
🇩🇪 Teutons · Germany
823
-15
Hotzenplotz1942
12:27 Feudal Age
14:16 Double-Bit Axe
21:14 Man-at-Arms
24:09 Bloodlines
30:35 Castle Age
34:19 Pikeman
41:10 Wheelbarrow
43:48 Bow Saw
Cosmopor
9:54 Loom
11:42 Feudal Age
12:39 Feudal Age
17:13 Castle Age
17:07 Bloodlines
17:05 Scale Barding Armor
25:12 Chain Barding Armor
25:02 Forging
33:36 Imperial Age
40:32 Iron Casting
40:33 Plate Barding Armor
FLO57
4:57 Loom
11:12 Feudal Age
13:27 Double-Bit Axe
14:59 Fletching
27:24 Castle Age
26:21 Horse Collar
27:04 Gold Mining
28:22 Wheelbarrow
28:11 Pikeman
30:23 Bow Saw
33:08 Bloodlines
36:21 Hand Cart
38:17 Thumb Ring
41:19 Imperial Age
39:05 Town Watch
40:12 Masonry
40:31 Ballistics
40:28 Bodkin Arrow
41:47 Murder Holes
42:39 Squires
42:45 Scale Barding Armor
42:50 Forging
42:48 Elite Skirmisher
44:45 Parthian Tactics
46:57 Hoardings
46:11 Heavy Cavalry Archer
48:39 Chain Barding Armor
48:20 Padded Archer Armor
48:20 Scale Mail Armor
49:30 Chemistry
48:20 Capped Ram
49:48 Hoardings
48:54 Light Cavalry
50:28 Parthian Tactics
50:43 Heavy Plow
52:16 Conscription
52:10 Town Patrol
BabyLeon2021
11:47 Feudal Age
13:00 Double-Bit Axe
13:06 Loom
14:18 Town Watch
22:00 Castle Age
19:57 Stone Mining
20:09 Gold Mining
21:12 Wheelbarrow
21:59 Forging
22:32 Fletching
22:14 Pikeman
25:05 Iron Casting
24:56 Ballistics
24:38 Murder Holes
26:52 Hand Cart
33:31 Bodkin Arrow
40:04 Town Patrol
40:42 Gold Shaft Mining
40:28 Bow Saw
45:43 Imperial Age
43:54 Husbandry
44:01 Scale Barding Armor
44:49 Masonry
45:59 Cavalier
47:25 Paladin
48:03 Light Cavalry
50:58 Chain Barding Armor
53:13 Plate Barding Armor
54:09 Blast Furnace
53:20 Caravan
Connection lost

Rejoining the realm…

Still unreachable

The connection could not be restored.

Session expired

The server has moved on; the page needs a fresh start.